 Dungeon Crawl Stone Soup version 0.29-a0-1027-gcd8c55af63 (webtiles) character file.

Game seed: 11157354480483824155

182092 frimble the Timeless (level 17, -1/136 HPs)
             Began as a Demonspawn Earth Elementalist on Aug 12, 2022.
             Was a High Priest of Cheibriados.
             Killed from afar by Nikola (50 damage)
             ... with an arc of chain lightning
             ... on level 2 of the Elven Halls on Aug 13, 2022.
             The game lasted 00:50:32 (33807 turns).

frimble the Timeless (DsEE)                        Turns: 33807, Time: 00:50:33

Health: -1/136     AC: 25    Str: 21    XL:     17   Next: 70%
Magic:  11/30      EV: 18    Int: 36    God:    Cheibriados [*****.]
Gold:   296        SH: 19    Dex: 32    Spells: 11/20 levels left

rFire   + . .      SeeInvis +   b - +2 scimitar (flame)
rCold   + + +      Faith    .   W - +1 kite shield {AC+3}
rNeg    + . .      Spirit   .   r - +5 robe of Night {Dark Will+ SInv}
rPois   +          Reflect  .   Q - -2 hat of the Alchemist {rElec rPois rF+ rC+ rN+ Will+ rMut rCorr}
rElec   +          Harm     .   E - +0 cloak
rCorr   +          Rampage  .   k - +2 pair of gloves of a Billion Mouths {rC++}
rMut    +                       g - +3 pair of mountain boots {steadfast, rC+}
Will    ++...                   Z - amulet of regeneration
Stlth   +++.......              c - +4 ring of protection
HPRegen 1.12/turn               P - ring "Qaililam" {rElec rPois AC+4 Int+4 Stlth-}
MPRegen 0.22/turn

@: weak-willed, studying Transmutations, very slow
A: horns 2, demonic guardian 2, powered by death 1, sharp scales 2, demonic
willpower, agile 1, deformed body
a: Renounce Religion, Bend Time, Temporal Distortion, Slouch, Step From Time


You were on level 2 of the Elven Halls.
You worshipped Cheibriados.
Cheibriados was extremely pleased with you.
You visited 4 branches of the dungeon, and saw 24 of its levels.
You also visited: Ossuary, Bailey, Ice Cave and Desolation.

You collected 3740 gold pieces.
You spent 3444 gold pieces at shops.

Inventory:

Hand Weapons
 a - a +2 quick blade of electrocution
 b - a +2 scimitar of flaming (weapon)
Missiles
 h - 10 javelins
 J - 2 throwing nets
Armour
 g - the +3 pair of mountain boots (worn) {steadfast, rC+}
   (You found it in the Desolation of Salt)

   It prevents involuntary movement, except for blinking, teleportation, or
   banishment.
   rC:        It protects you from cold.
 k - the +2 pair of gloves of a Billion Mouths (worn) {rC++}
   (You acquired it in a bailey)

   rC:        It greatly protects you from cold.
 r - the +5 robe of Night (worn) {Dark Will+ SInv}
   (You found it in an ice cave)

   It shrouds the wearer in darkness, reducing the range at which they can see
   and be seen by others.
   SInv:      It lets you see invisible.
   Will:      It increases your willpower.
 E - a +0 cloak (worn)
 Q - the -2 hat of the Alchemist (worn) {rElec rPois rF+ rC+ rN+ Will+ rMut rCorr}
   (You bought it in a shop on level 2 of the Orcish Mines)

   rF:        It protects you from fire.
   rC:        It protects you from cold.
   rElec:     It insulates you from electricity.
   rPois:     It protects you from poison.
   rN:        It protects you from negative energy.
   rCorr:     It protects you from acid and corrosion.
   rMut:      It protects you from mutation.
   Will:      It increases your willpower.
 W - a +1 kite shield of protection (worn)
Jewellery
 c - a +4 ring of protection (left hand)
 j - the ring "Koutz" {Drain rCorr MP+9 Str+3}
   (You found it in the Desolation of Salt)

   [ring of magical power]

   Str:       It affects your strength (+3).
   MP:        It affects your magic capacity (+9).
   rCorr:     It protects you from acid and corrosion.
   Drain:     It drains your maximum health when unequipped.
 o - a ring of ice
 D - the ring "Okleebri" {Fire Str+7 Dex-4}
   (You found it on level 10 of the Dungeon)

   [ring of fire]

   It enhances your fire magic.
   Str:       It affects your strength (+7).
   Dex:       It affects your dexterity (-4).
   rF:        It protects you from fire.
   rC:        It makes you vulnerable to cold.
 L - an amulet of magic regeneration
 P - the ring "Qaililam" (right hand) {rElec rPois AC+4 Int+4 Stlth-}
   (You found it in the Desolation of Salt)

   [ring of protection]

   AC:        It affects your AC (+4).
   Int:       It affects your intelligence (+4).
   rElec:     It insulates you from electricity.
   rPois:     It protects you from poison.
   Stlth:     It makes you less stealthy.
 R - a ring of ice
 Z - an amulet of regeneration (around neck)
Wands
 i - a wand of iceblast (3)
 G - a wand of polymorph (10)
 I - a wand of paralysis (22)
 O - a wand of mindburst (1)
 X - a wand of digging (12)
Scrolls
 e - 5 scrolls of amnesia
 f - 5 scrolls of magic mapping
 l - 12 scrolls of teleportation
 p - 4 scrolls of enchant weapon
 s - 2 scrolls of butterflies
 t - 2 scrolls of brand weapon
 w - 4 scrolls of blinking
 y - 14 scrolls of identify
 z - 5 scrolls of vulnerability
 C - a scroll of summoning
 K - 2 scrolls of fear
 M - a scroll of silence
 T - 3 scrolls of immolation
 U - a scroll of enchant armour
Potions
 d - 4 potions of ambrosia
 m - 4 potions of invisibility
 n - 2 potions of degeneration
 q - 17 potions of curing
 u - 9 potions of heal wounds
 v - 3 potions of magic
 x - 4 potions of haste
 A - 6 potions of brilliance
 B - 4 potions of cancellation
 H - a potion of resistance
 S - 3 potions of mutation
 V - 2 potions of flight
Miscellaneous
 F - a condenser vane


   Skills:
 - Level 13.0 Fighting
 - Level 11.4(13.6) Short Blades
 - Level 12.1(14.0) Long Blades
 - Level 6.0 Dodging
 - Level 5.4 Stealth
 - Level 16.8 Shields
 - Level 2.0 Spellcasting
 + Level 7.1 Transmutations
 + Level 5.9 Earth Magic
 - Level 18.3 Invocations
 - Level 6.0 Evocations


You had 11 spell levels left.
You knew the following spells:

 Your Spells              Type           Power      Damage    Failure   Level
a - Sandblast             Erth           92%        2d19      1%          1
b - Passwall              Tmut/Erth      41%        N/A       1%          2
c - Statue Form           Tmut/Erth      33%        N/A       65%         6

Your spell library contained the following spells:

 Spells                   Type           Power      Damage    Failure   Level
 Spider Form              Tmut/Pois      29%        N/A       6%          3
 Petrify                  Tmut/Erth      50%        N/A       6%          4
 Stone Arrow              Conj/Erth      50%        3d10      8%          3
 Foxfire                  Conj/Fire      12%        2x1d4     9%          1
 Freeze                   Ice            12%        1d4       9%          1
 Necrotise                Necr           12%        1d4       9%          1
 Blink                    Tloc           6%         N/A       13%         2
 Static Discharge         Conj/Air       3%         3-4/arc   13%         2
 Ice Form                 Ice/Tmut       29%        N/A       21%         4
 Lee's Rapid Deconstruct  Erth           23%        3d14*     21%         5
 Confusing Touch          Hex            3%         N/A       26%         3
 Conjure Flame            Conj/Fire      3%         6-21      26%         3
 Frozen Ramparts          Ice            6%         1d1       26%         3
 Inner Flame              Hex/Fire       3%         N/A       26%         3
 Mephitic Cloud           Conj/Pois/Air  3%         N/A       26%         3
 Vampiric Draining        Necr           3%         2d6       26%         3
 Animate Armour           Summ/Erth      50%        N/A       26%         4
 Leda's Liquefaction      Hex/Erth       12%        N/A       26%         4
 Cause Fear               Hex            1%         N/A       63%         4
 Fulminant Prism          Conj/Hex       1%         3d6       63%         4
 Hailstorm                Conj/Ice       3%         3d3       63%         4
 Sticky Flame             Conj/Fire      3%         2d3       63%         4
 Summon Ice Beast         Ice/Summ       3%         N/A       63%         4
 Agony                    Necr           3%         N/A       93%         5
 Fireball                 Conj/Fire      1%         3d3       93%         5
 Lightning Bolt           Conj/Air       1%         1d12      93%         5
 Manifold Assault         Tloc           3%         N/A       93%         5
 Summon Forest            Summ/Tloc      1%         N/A       93%         5
 Summon Mana Viper        Hex/Summ       3%         N/A       93%         5
 Iron Shot                Conj/Erth      12%        9d3       98%         6
 Death Channel            Necr           1%         N/A       100%        6
 Starburst                Conj/Fire      1%         6d3       100%        6
 Summon Cactus Giant      Summ           1%         N/A       100%        6
 Storm Form               Tmut/Air       14%        N/A       100%        7
 Ignition                 Fire           1%         3d3       100%        8
 Fire Storm               Conj/Fire      1%         8d1       100%        9
 Shatter                  Erth           23%        3d20*     100%        9


Dungeon Overview and Level Annotations

Branches:
Dungeon (15/15)            Temple (0/1) D:7            Lair (5/5) D:9
 Shoals (0/4) Lair:3       Spider (0/4) Lair:3        Slime (0/5) Lair:4
    Orc (2/2) D:10            Elf (2/3) Orc:2        Vaults (0/5) D:13
 Depths (0/4) D:15        Ossuary (visited)          Bailey (visited)
  IceCv (visited)         Desolation (visited)

Altars:
Cheibriados
Fedhas
Kikubaaqudgha
Makhleb
Okawaru
Qazlal
Ru
Sif Muna
Trog
Xom
Jiyva

Shops:
D:1 !   D:2 :   D:5 [   D:11 ?[?   D:13 *   Orc:2 !(?**   Elf:1 (?(*   Elf:2 ?

Annotations:
D:4 Grinder
D:5 fly vaults
D:15 4 transporters
Lair:1 exclusion: 2 oklob plants
Lair:5 2 transporters, quinnr's ghost, journeyman TeAE
Elf:2 Nikola


Innate Abilities, Weirdness & Mutations

You have a pair of horns on your head.
A demonic guardian rushes to your aid.
You regenerate a little health from kills.
You are mostly covered in razor-sharp scales. (AC +2, Slay +2)
You punish those that try to bend your will. (Will+)
You are agile. (Dex +4, Str/Int -1)
Armour fits poorly on your strangely shaped body.


Message History

Aim: Nikola, wielding a +1 rapier of electrocution, wearing a +1 cloak of willpower and wearing a +0 pair of gloves (moderately wounded, weak-willed, 87% to hit)
The blast of sand hits Nikola!
Nikola is heavily wounded.
A +1 vorpal long sword comes into view.
A deep elf knight comes into view. It is wielding a +2 scimitar of venom.
The deep elf knight shouts!
You slash Nikola! You burn Nikola.
Nikola is heavily wounded.
You barely miss Nikola.
Nikola is heavily wounded.
Nikola gestures wildly while chanting.
Lightning arcs from Nikola's hands!
The bolt of lightning hits you!!! You resist.
A bolt of lightning appears from out of thin air!
The bolt of lightning hits Nikola!
The bolt of lightning hits the +1 vorpal long sword!!
The +1 vorpal long sword resists.
The +1 vorpal long sword falls from the air.
The bolt of lightning hits the deep elf knight!!
Activating: Slouch (0% risk of failure)
Press: ? - help, Dir - look around, f - activate You can feel time thicken for a moment.
You kill the deep elf knight!
Cheibriados appreciates the change of pace.
Cheibriados lowers the support of your attributes as your movement quickens.
A +4 executioner's axe of holy wrath comes into view.
Nikola barely misses you.
Activating: Slouch (0% risk of failure)
Press: ? - help, Dir - look around, f - activate You can feel time thicken for a moment.
Cheibriados lowers the support of your attributes as your movement quickens.
You block Nikola's attack.
Activating: Slouch (0% risk of failure)
Press: ? - help, Dir - look around, f - activate You can feel time thicken for a moment.
Cheibriados lowers the support of your attributes as your movement quickens.
Nikola mumbles some strange words.
Lightning arcs from Nikola's hands!
The bolt of lightning hits you!!! You resist.
You die...

*,,,,,,,,,,,.............#*
*,,,,,,,,,,.............#*
*,,,,,,,,,,.............##
*,,,,,,,,,,..........).).##
*,,,,,*,,,,.).........)...#
*,,,,***,,,..(.....#..)).##
*,,,,* *,,,...)...###...##
*,,,** **,,....@.## ##..##
*,,,** **,,....)@.###....##
*,,,,***,,,.....)..#......#
*,,,,,*,,,,..............##
**,,,,,,,,,.............##
*,,,,,**,,.##..^##.....##
***,,****,**##.####.....##
*#################.....#
#.............##......#
#####...#.....#...#......##


You could see Nikola (weak-willed) and a +4 executioner's axe of holy wrath.

Vanquished Creatures
  Gastronok (Lair:2)
  Donald (Elf:2)
  A deep elf elementalist (Elf:1)
  A caustic shrike zombie (D:15)
  A halazid warlock (Desolation)
  An ettin (Orc:1)
  3 crystal guardians (Desolation)
  Josephine (D:10)
  2 vault guards (D:13)
  A great orb of eyes (D:14)
  2 boulder beetles
  Fannar (Lair:1)
  9 ragged hierophants (Desolation)
  6 hydras
  9 servants of whispers (Desolation)
  10 peacekeepers (Desolation)
  2 centaur warriors
  Erica (D:8)
  A death knight (D:12)
  2 ironbound frosthearts (IceCv)
  7 two-headed ogres
  16 dancing weapons
  5 death yaks (IceCv)
  4 tengu warriors
  4 orc high priests (Orc:2)
  Amaemon (Lair:3)
  16 deep elf knights
  12 skeletal warriors
  An orb spider (Lair:4)
  3 wizards (D:13)
  8 deep elf archers
  A phantasmal warrior (D:15)
  Pikel (D:5)
  12 ugly things
  A lindwurm (shapeshifter) (D:13)
  23 deep elf pyromancers
  23 deep elf zephyrmancers
  A frost giant zombie (D:15)
  A manticore (D:13)
  2 necromancers
  2 orc sorcerers
  3 cyclopes
  A sphinx skeleton (D:15)
  A wolf spider (D:15)
  A merfolk siren (Lair:3)
  7 guardian serpents (Desolation)
  Joseph (D:8)
  28 elephants
  A black mamba (Lair:5)
  An ice statue (IceCv)
  An orange demon (Lair:3)
  9 cane toads
  A gargoyle (D:12)
  2 freezing wraiths (D:12)
  Maggie (D:6)
  3 rime drakes (Lair:3)
  6 komodo dragons
  4 kobold demonologists
  A tengu conjurer (D:14)
  18 polar bears
  5 hornets (Lair:5)
  2 trolls
  12 slime creatures
  Prince Ribbit (D:8)
  A dream sheep (Lair:5)
  61 saltlings (Desolation)
  15 blink frogs
  A centaur simulacrum (D:15)
  A shadow (D:11)
  Sigmund (D:4)
  A spriggan skeleton (D:15)
  A water elemental (Elf:1)
  13 spriggans (Lair:5)
  2 air elementals (Elf:1)
  7 wraiths
  5 wyverns
  19 humans (D:13)
  2 basilisks (Lair:3)
  46 yaks
  A fire elemental (Elf:1)
  2 steam dragons
  A redback (Lair:3)
  3 vampire mosquitoes (D:11)
  4 wargs
  3 acid dragons
  Edmund (D:5)
  13 water moccasins
  29 orc warriors
  An ice beast (D:8)
  A sky beast (D:7)
  5 black bears
  13 ogres
  36 wolves
  7 boggarts
  12 centaurs
  4 lemures (D:6)
  9 bullfrogs
  2 gnoll sergeants
  3 kobold brigands
  3 scorpions
  An earth elemental (Elf:1)
  2 elf skeletons (D:4)
  20 wights
  6 killer bees (D:8)
  A human zombie (D:4)
  4 jellies
  Crazy Yiuf (D:6)
  35 orc priests
  5 hounds
  A gnoll bouda (D:6)
  34 orc wizards
  5 iguanas
  3 mummies (Ossuary)
  11 gnolls
  3 adders
  2 shadow imps (D:5)
  14 white imps
  An adder zombie (Ossuary)
  81 orcs
  7 endoplasms
  3 giant cockroaches
  4 hobgoblins
  2 jackals (D:3)
  13 kobolds
  3 quokkas
  6 ball pythons
  11 bats
  5 frilled lizards
  2 gnoll zombies (Ossuary)
  8 goblins
  A goblin zombie (Ossuary)
  2 hobgoblin zombies (Ossuary)
  4 kobold zombies (Ossuary)
  An orc skeleton (D:4)
  2 orc zombies (D:4)
  4 quokka zombies (Ossuary)
  5 rats
  4 rat zombies (Ossuary)
956 creatures vanquished.

Vanquished Creatures (collateral kills)
  A servant of whispers (Desolation)
  2 hydras
  2 dancing weapons (Elf:2)
  A tengu warrior (D:15)
  A deep elf archer (Elf:1)
  A deep elf zephyrmancer (Elf:2)
  2 deep elf pyromancers (Elf:1)
  An elephant (Lair:5)
  A kobold demonologist (D:13)
  A polar bear (IceCv)
  3 saltlings (Desolation)
  A hornet (Lair:5)
  A wraith (D:6)
  4 yaks
  A bat (D:1)
  A frilled lizard (D:1)
24 creatures vanquished.

Vanquished Creatures (others)
  2 dancing weapons (Elf:2)
  A deep elf pyromancer (Elf:2)
  A tengu conjurer (D:15)
  A saltling (Desolation)
  27 fungi
  42 plants
  3 withered plants (D:15)
77 creatures vanquished.

Grand Total: 1057 creatures vanquished

Notes
Turn   | Place    | Note
-------+----------+-------------------------------------------
     0 | D:1      | frimble the Demonspawn Earth Elementalist began the quest
                  | for the Orb.
     0 | D:1      | Reached XP level 1. HP: 13/13 MP: 3/3
    57 | D:1      | Reached skill level 1 in Transmutations
   492 | D:1      | Found Paev's Distillery.
   511 | D:1      | Gained mutation: You are partially covered in razor-sharp
                  | scales. (AC +1, Slay +1) [demonic ancestry]
   511 | D:1      | Reached XP level 2. HP: 19/19 MP: 5/5
   978 | D:2      | Found Buelih's Vocational Training.
  1006 | D:2      | Reached skill level 1 in Fighting
  1097 | D:2      | Reached XP level 3. HP: 26/26 MP: 6/6
  1180 | D:2      | Found a faded altar of an unknown god.
  1355 | D:2      | Found a shimmering altar of Xom.
  1377 | D:2      | Reached skill level 1 in Short Blades
  1937 | D:3      | Noticed an ogre
  2127 | D:3      | Found an ancient bone altar of Kikubaaqudgha.
  2130 | D:3      | Found a bloodstained altar of Trog.
  2130 | D:3      | Found a blossoming altar of Fedhas.
  2137 | D:3      | Found a shimmering altar of Xom.
  2434 | D:4      | Noticed Grinder
  2532 | D:4      | Noticed Sigmund
  2575 | D:4      | Killed Sigmund
  2576 | D:4      | Gained mutation: You have a pair of small horns on your
                  | head. [demonic ancestry]
  2576 | D:4      | Reached XP level 4. HP: 5/34 MP: 7/7
  2576 | D:4      | Reached XP level 5. HP: 6/39 MP: 8/8
  2629 | D:4      | Reached XP level 6. HP: 19/47 MP: 9/9
  2644 | D:4      | Found a sand-covered staircase.
  2655 | Ossuary  | Entered an ossuary
  2662 | Ossuary  | Reached skill level 1 in Evocations
  3826 | D:3      | Reached XP level 7. HP: 12/54 MP: 8/10
  4114 | D:5      | Entered Level 5 of the Dungeon
  4358 | D:5      | Noticed Pikel
  4549 | D:6      | Noticed a wraith
  4559 | D:6      | Killed a wraith
  4560 | D:6      | Reached skill level 5 in Fighting
  4588 | D:6      | Reached skill level 5 in Short Blades
  4796 | D:5      | Killed Pikel
  4797 | D:5      | Gained mutation: You regenerate a little health from kills.
                  | [demonic ancestry]
  4797 | D:5      | Reached XP level 8. HP: 8/65 MP: 11/11
  5081 | D:5      | Found a burning altar of Makhleb.
  5397 | D:5      | Found Igaih's Antique Armour Shoppe.
  5398 | D:5      | Noticed Edmund
  5441 | D:5      | Bought a pair of gloves for 81 gold pieces
  5584 | D:6      | Found a snail-covered altar of Cheibriados.
  5590 | D:6      | Became a worshipper of Cheibriados the Contemplative
  5987 | D:6      | Found a runed translucent door.
  5988 | D:6      | Noticed Crazy Yiuf
  6102 | D:6      | Reached skill level 1 in Shields
  6102 | D:6      | Gained mutation: You are mostly covered in razor-sharp
                  | scales. (AC +2, Slay +2) [demonic ancestry]
  6102 | D:6      | Reached XP level 9. HP: 68/72 MP: 9/12
  6777 | D:6      | Found a stormy altar of Qazlal.
  6790 | D:6      | Reached * piety under Cheibriados
  6867 | D:6      | Noticed Maggie
  6887 | D:6      | Killed Maggie
  7244 | D:6      | Found a shimmering blue altar of Sif Muna.
  7453 | D:6      | Killed Crazy Yiuf
  7771 | D:5      | Killed Edmund
  7772 | D:5      | Reached skill level 5 in Shields
  8401 | D:7      | Reached XP level 10. HP: 55/79 MP: 13/13
  8602 | D:7      | Found an iron altar of Okawaru.
  8632 | D:7      | Reached ** piety under Cheibriados
  8637 | D:7      | Found a staircase to the Ecumenical Temple.
  8830 | D:7      | Found a flagged portal.
  8840 | Bailey   | Entered a bailey
  9109 | Bailey   | Acquired the +2 pair of gloves of a Billion Mouths {rC++}
  9122 | Bailey   | Noticed an orc knight
  9274 | D:7      | Reached *** piety under Cheibriados
  9886 | D:8      | Noticed Joseph
  9891 | D:8      | Killed Joseph
  9927 | D:8      | Noticed a two-headed ogre
  9931 | D:8      | Killed a two-headed ogre
  9932 | D:8      | Reached skill level 5 in Stealth
 10221 | D:8      | Noticed Erica
 10231 | D:8      | Gained mutation: Armour fits poorly on your strangely
                  | shaped body. [potion of mutation]
 10231 | D:8      | Gained mutation: You are clumsy. (Dex -2) [potion of
                  | mutation]
 10231 | D:8      | Gained mutation: You have a pair of horns on your head.
                  | [potion of mutation]
 10234 | D:8      | Lost mutation: You have a pair of horns on your head.
                  | [potion of mutation]
 10234 | D:8      | Lost mutation: You are clumsy. (Dex -2) [potion of
                  | mutation]
 10234 | D:8      | Gained mutation: You are agile. (Dex +4, Str/Int -1)
                  | [potion of mutation]
 10249 | D:8      | Killed Erica
 10250 | D:8      | Reached skill level 10 in Short Blades
 10250 | D:8      | Reached skill level 5 in Dodging
 10677 | D:8      | Reached skill level 1 in Long Blades
 10677 | D:8      | Gained mutation: A weak demonic guardian rushes to your
                  | aid. [demonic ancestry]
 10677 | D:8      | Reached XP level 11. HP: 84/84 MP: 14/14
 10728 | D:8      | Noticed Prince Ribbit
 10735 | D:8      | Killed Prince Ribbit
 10796 | D:8      | Reached **** piety under Cheibriados
 11122 | D:9      | Noticed a two-headed ogre
 11129 | D:9      | Learned a level 2 spell: Passwall
 11134 | D:9      | Killed a two-headed ogre
 11408 | D:9      | Noticed a two-headed ogre
 11427 | D:9      | Killed a two-headed ogre
 11714 | D:9      | Found a staircase to the Lair.
 12210 | D:10     | Entered Level 10 of the Dungeon
 12327 | D:10     | Noticed Josephine
 12635 | D:10     | Reached skill level 1 in Invocations
 12852 | D:10     | Reached ***** piety under Cheibriados
 12877 | D:10     | Found a staircase to the Orcish Mines.
 13082 | D:10     | Noticed a two-headed ogre
 13089 | D:10     | Killed a two-headed ogre
 13090 | D:10     | Reached skill level 2 in Invocations
 13320 | D:10     | Identified the ring "Okleebri" {Fire Str+7 Dex-4}
 13340 | D:10     | Found a sacrificial altar of Ru.
 13491 | D:10     | Reached skill level 3 in Invocations
 13743 | D:10     | Killed Josephine
 14295 | D:11     | Reached skill level 4 in Invocations
 14329 | D:11     | Reached XP level 12. HP: 81/92 MP: 15/15
 14396 | Lair:1   | Entered Level 1 of the Lair of Beasts
 14407 | Lair:1   | Noticed a six-headed hydra
 14416 | Lair:1   | Killed a six-headed hydra
 14482 | Lair:1   | Noticed Fannar
 14491 | Lair:1   | Reached skill level 5 in Invocations
 14500 | Lair:1   | Killed Fannar
 14972 | Lair:1   | Reached skill level 5 in Long Blades
 15041 | Lair:1   | Noticed an eight-headed hydra
 15048 | Lair:1   | Killed an eight-headed hydra
 15248 | Lair:1   | Noticed a six-headed hydra
 15256 | Lair:1   | Killed a six-headed hydra
 15257 | Lair:1   | Reached skill level 6 in Invocations
 15453 | Lair:1   | Identified the +1 leather armour of a Gauntlet {Fly rElec
                  | rC+}
 15463 | Lair:1   | Reached skill level 5 in Evocations
 16352 | Lair:2   | Noticed Gastronok
 16378 | Lair:2   | Killed Gastronok
 16569 | Lair:2   | Reached skill level 7 in Invocations
 17072 | Lair:3   | Found a staircase to the Shoals.
 17084 | Lair:3   | Reached skill level 8 in Invocations
 17120 | Lair:3   | Noticed Amaemon
 17136 | Lair:3   | Killed Amaemon
 17147 | Lair:3   | Reached skill level 9 in Invocations
 17179 | Lair:3   | Reached ****** piety under Cheibriados
 17454 | Lair:3   | Found a hole to the Spider Nest.
 17461 | Lair:3   | Reached XP level 13. HP: 52/98 MP: 13/20
 17672 | Lair:3   | Reached skill level 10 in Invocations
 18223 | Lair:4   | Reached skill level 11 in Invocations
 18499 | Lair:4   | Found a viscous altar of Jiyva.
 18499 | Lair:4   | Found a staircase to the Slime Pits.
 18907 | Lair:4   | Noticed Nessos
 18914 | Lair:4   | Noticed Nessos
 18914 | Lair:4   | Nessos changed into Nessos the orb spider
 18924 | Lair:4   | Killed Nessos the orb spider
 19056 | Lair:5   | Entered Level 5 of the Lair of Beasts
 19076 | Lair:5   | Reached skill level 12 in Invocations
 19389 | Lair:5   | Reached skill level 13 in Invocations
 19413 | Lair:5   | Reached skill level 10 in Long Blades
 19841 | Lair:5   | Paralysed by a hornet for 3 turns
 19979 | Lair:5   | Gained mutation: You have a pair of horns on your head.
                  | [demonic ancestry]
 19979 | Lair:5   | Reached XP level 14. HP: 105/105 MP: 18/24
 20146 | Lair:5   | Identified the +1 plate armour "Dirideps" {Will+ MP+9
                  | Str+6}
 20178 | Lair:5   | Reached skill level 14 in Invocations
 20425 | Lair:5   | Found a transporter.
 20425 | Lair:5   | Noticed quinnr's ghost (journeyman TeAE)
 20434 | Lair:5   | Found a transporter.
 21235 | D:11     | Found Buckaaza's Magic Scroll Boutique.
 21240 | D:11     | Bought a scroll of magic mapping for 105 gold pieces
 21261 | D:11     | You are sucked into a shaft and drop 1 floor!
 21347 | D:11     | Found Tugaxzuth's Magic Scroll Shop.
 21352 | D:11     | Bought a scroll of acquirement for 884 gold pieces
 21352 | D:11     | Acquired 1194 gold pieces
 21519 | D:11     | Found Pischit's Armour Shoppe.
 22356 | D:12     | Reached skill level 15 in Invocations
 22634 | D:12     | Found a bloodstained altar of Trog.
 22679 | D:12     | Identified the +4 shortbow of Hosocao {venom, *Corrode Fly
                  | rPois Will+}
 23321 | D:13     | Reached skill level 16 in Invocations
 23530 | D:13     | Found Rashrozokk's Fire Supplies.
 23536 | D:13     | Bought the Almanac of Conflagration for 330 gold pieces
 23898 | D:13     | Reached skill level 17 in Invocations
 23931 | D:13     | Found a gate to the Vaults.
 24162 | D:13     | Gained mutation: A demonic guardian rushes to your aid.
                  | [demonic ancestry]
 24162 | D:13     | Reached XP level 15. HP: 80/110 MP: 27/27
 24735 | D:14     | Reached skill level 18 in Invocations
 25060 | D:15     | Entered Level 15 of the Dungeon
 25505 | D:15     | Found a transporter.
 25531 | D:15     | Found a staircase to the Depths.
 25923 | D:15     | Found a transporter.
 25951 | D:15     | Found a transporter.
 25971 | D:15     | Found a transporter.
 26534 | D:15     | Acquired a manual of Transmutations
 26691 | Orc:1    | Entered Level 1 of the Orcish Mines
 26766 | Orc:1    | Found a frozen archway.
 26779 | IceCv    | Entered an ice cave
 27481 | IceCv    | Reached skill level 10 in Shields
 28041 | IceCv    | Found the +5 robe of Night {Dark Will+ SInv}
 28206 | Orc:1    | You fall into a shaft and drop 1 floor!
 28206 | Orc:2    | Entered Level 2 of the Orcish Mines
 28206 | Orc:2    | Found Noshrov's Overcharged Wands.
 28231 | Orc:2    | Found a staircase to the Elven Halls.
 28383 | Orc:2    | Found Kuejion's General Store.
 28400 | Orc:2    | Found Causo's Weapon Shoppe.
 28430 | Orc:2    | Found Xielyit's Distillery.
 28435 | Orc:2    | Found Tipunargh's Magic Scroll Emporium.
 28442 | Orc:2    | Bought a scroll of acquirement for 676 gold pieces
 28442 | Orc:2    | Bought a scroll of blinking for 97 gold pieces
 28442 | Orc:2    | Acquired a manual of Shields
 28445 | Orc:2    | Bought the -2 hat of the Alchemist {rElec rPois rF+ rC+ rN+
                  | Will+ rMut rCorr} for 755 gold pieces
 28445 | Orc:2    | Found the -2 hat of the Alchemist {rElec rPois rF+ rC+ rN+
                  | Will+ rMut rCorr}
 28447 | Orc:2    | Bought a potion of heal wounds for 60 gold pieces
 28447 | Orc:2    | Bought a potion of heal wounds for 60 gold pieces
 28447 | Orc:2    | Bought a potion of heal wounds for 60 gold pieces
 28830 | Orc:1    | Reached XP level 16. HP: 103/118 MP: 29/29
 29312 | Elf:1    | Entered Level 1 of the Elven Halls
 29371 | Elf:1    | Found Sooptunu's Weapon Emporium.
 29402 | Elf:1    | Found Yqihiska's Weapon Boutique.
 29432 | Elf:1    | Found Viowa's Magic Scroll Emporium.
 29640 | Elf:1    | Reached skill level 15 in Shields
 29812 | Elf:1    | Paralysed by an air elemental for 1 turns
 29826 | Elf:1    | Bought a scroll of teleportation for 42 gold pieces
 30319 | Elf:1    | Found Vyrocepn's General Store.
 30471 | Elf:1    | Paralysed by an air elemental for 1 turns
 30754 | Elf:2    | Found a crumbling gateway.
 30766 | Desolati | Entered the Desolation of Salt
 30853 | Desolati | Got the Atlas of Outbursts and the Coals
 30856 | Desolati | Identified the +6 rapier of Daygi {flame, rF++ Str+2}
 30892 | Desolati | Reached skill level 10 in Fighting
 31220 | Desolati | Gained mutation: You punish those that try to bend your
                  | will. (Will+) [demonic ancestry]
 31220 | Desolati | Reached XP level 17. HP: 105/130 MP: 30/30
 31335 | Desolati | Identified the +10 long sword "Opho Buviu" {pain, rPois
                  | MP+9 Int+4}
 31338 | Desolati | Got the Omnibus of Unhallowed Rites and Spelunking
 31374 | Desolati | Identified the +9 rapier of Juunn {flame, rC+}
 31659 | Desolati | Identified the +5 battleaxe of Donypiu {freeze, rF- rC+
                  | Will+ rCorr}
 31665 | Desolati | Identified the +0 chain mail of Experimentation {Fly rPois
                  | rCorr Str-3}
 31684 | Desolati | Got the Tractate on Congealing Confrontation
 31703 | Desolati | Identified the +8 short sword "Witryap" {venom, Contam
                  | rN+++ Int+6}
 31713 | Desolati | Got Penar's Papyrus of the Mountains
 31774 | Desolati | Found the +3 pair of mountain boots {steadfast, rC+}
 32050 | Desolati | Got the Codex of the Earthen Volcanoes
 32052 | Desolati | Got the Omnibus of the Moth
 32056 | Desolati | Got the Precepts of Permutations
 32061 | Desolati | Identified the ring "Koutz" {Drain rCorr MP+9 Str+3}
 32112 | Desolati | Learned a level 6 spell: Statue Form
 32495 | Desolati | Identified the ring "Qaililam" {rElec rPois AC+4 Int+4
                  | Stlth-}
 32985 | Elf:2    | Noticed Donald
 32999 | Elf:2    | Killed Donald
 33166 | Elf:2    | Found Igraps's Magic Scroll Boutique.
 33173 | Elf:2    | Bought a scroll of teleportation for 42 gold pieces
 33173 | Elf:2    | Bought a scroll of teleportation for 42 gold pieces
 33173 | Elf:2    | Bought a scroll of magic mapping for 105 gold pieces
 33173 | Elf:2    | Bought a scroll of magic mapping for 105 gold pieces
 33267 | Elf:2    | Found a huge runed translucent gate.
 33267 | Elf:2    | Found a huge runed translucent gate.
 33267 | Elf:2    | Found a huge runed translucent gate.
 33268 | Elf:2    | Found a huge runed translucent gate.
 33268 | Elf:2    | Found a huge runed translucent gate.
 33467 | Elf:2    | Reached skill level 5 in Transmutations
 33496 | Elf:2    | Reached skill level 5 in Earth Magic
 33794 | Elf:2    | Noticed Nikola
 33807 | Elf:2    | Killed from afar by Nikola

Illustrated notes

Levels and vault maps discovered:
D:1:      enne_arrival_octagon_isle, layout_loops_cross, serial_shops,
          nicolae_square_shop, chequers_serial_rivers_small_a
D:2:      cheibrodos_helix_gallery, layout_loops_corners, basic_altar,
          shapermc_ecumenical_altar_mp_urbaneastern, nicolae_shop_vocational
D:3:      minmay_octagon_keep, layout_rooms,
          nicolae_overflow_hallway_of_the_gods, tso_metal_star,
          minmay_misc_feat_five, chequers_serial_rivers_marsh
D:4:      layout_loops_corners, nicolae_ossuary_entry_catacombs,
          hangedman_decor_clover_reticule, uniq_sigmund, uniq_grinder
D:5:      layout_basic, mainiacjoe_overflow_tiny_flanked, serial_shops, shop,
          dreamdust_princess_corridor, water_boxes_lemuel, uniq_pikel,
          uniq_edmund
D:6:      layout_cave_pools, marbit_many_paths, kennysheep_little_box,
          nicolae_sif_muna_little_library, serial_rivers,
          chequers_serial_rivers_large_a, chequers_serial_rivers_micro_c,
          chequers_serial_rivers_small_3, chequers_serial_rivers_micro_e,
          chequers_serial_rivers_micro_c, chequers_serial_rivers_room_a,
          nicolae_grassy_gnolls, uniq_crazy_yiuf_cottage, uniq_maggie
D:7:      layout_basic, overflow_temple_1_default, minmay_temple_entry_trees,
          enter_bailey_5, grunt_decor_resistance, eino_curves_01,
          minmay_increasing_density
D:8:      layout_loops_corners, kennysheep_generic_room_11, uniq_joseph,
          uniq_prince_ribbit1, uniq_erica
D:9:      layout_basic, lair_entry_dummy
D:10:     layout_grid_maze, nicolae_ru_path_of_blood, hiddenorc2_lemuel,
          uniq_josephine
D:11:     layout_basic, serial_shops, shop, shop, shop_coins
D:12:     layout_basic, bloody_trog
D:13:     layout_loops_ring, grunt_vaults_entry_tiered, nicolae_shop_fire_sale
          [nicolae_sub_dead_trees]
D:14:     layout_roguey, corexii_corridor_pit
D:15:     gammafunk_depths_entry_grave, layout_stronghold,
          nicolae_transporter_intersection
Lair:1:   minmay_lair_oklob_chamber, layout_regular_city, serial_rivers,
          chequers_serial_rivers_small_b, chequers_serial_rivers_small_b,
          chequers_serial_rivers_micro_b, chequers_serial_rivers_large_b,
          chequers_serial_rivers_micro_d, chequers_serial_rivers_micro_c,
          uniq_fannar
Lair:2:   layout_cave_shapes, minivault_11, uniq_gastronok
Lair:3:   layout_misc_corridors, minmay_shoals_entry_lonely_mermaid,
          spider_nest_entry_a, uniq_amaemon
Lair:4:   layout_gridlike, minmay_slime_entry_pillars, serial_bayou_pond_e,
          grunt_megastairs_1, uniq_nessos
Lair:5:   minmay_lair_end_enchanted_forest, layout_cave_pods,
          gammafunk_ghost_arena, serial_bayou_pond_a
Orc:1:    layout_diamond_mine, portal_ice_cave_entry_imps
Orc:2:    st_orc_mages, layout_caves, nicolae_shop_overcharged_wands
Elf:1:    nicolae_elf_arrival_fired_up, layout_loops_cross, serial_shops,
          nicolae_square_shop, shop, shop, shop,
          hangedman_elven_crosses_minicolossus
Elf:2:    elven_hall_of_blades_hangedman_alternative
          [nicolae_blade_entry_diamond_columns], layout_rooms, serial_shops,
          nicolae_square_shop, portal_desolation_entry_ruin, uniq_nikola,
          uniq_donald

Skill      XL: |  1  2  3  4  5  6  7  8  9 10 11 12 13 14 15 16 17 |
---------------+----------------------------------------------------+-----
Transmutations | 1 2 7 |  7.1
Stealth        | 2 3 5 |  5.4
Fighting       | 1 2 3 4 6 7 8 10 13 | 13.0
Short Blades   | 2 3 6 8 10 11 | 11.4
Evocations     | 1 3 6 |  6.0
Shields        | 1 5 6 11 16 | 16.8
Dodging        | 5 6 |  6.0
Long Blades    | 1 4 7 10 12 | 12.1
Earth Magic    | 3 5 |  5.9
Invocations    | 4 9 13 17 18 | 18.3
Spellcasting   | |  2.0

Action                   |  1- 3 |  4- 6 |  7- 9 | 10-12 | 13-15 | 16-18 || total
-------------------------+-------+-------+-------+-------+-------+-------++-------
Melee: Dagger            |     3 |       |       |       |       |       ||     3
       Short sword       |    90 |    64 |   257 |   546 |    35 |       ||   992
       Headbutt          |       |    13 |    66 |   164 |   346 |   232 ||   821
       Punch             |       |     2 |     3 |       |       |       ||     5
       Scimitar          |       |       |       |   161 |  1212 |   766 ||  2139
 Cast: Sandblast         |    11 |     1 |    20 |     9 |       |     2 ||    43
       Passwall          |       |       |       |     1 |     1 |       ||     2
Invok: Slouch            |       |       |       |     3 |    12 |    13 ||    28
Evoke: Wand              |     2 |     5 |     7 |     3 |     8 |     3 ||    28
  Use: Scroll            |     7 |     6 |     6 |     6 |    10 |     4 ||    39
       Potion            |     1 |     1 |     1 |     8 |     2 |       ||    13
 Stab: Sleeping          |    11 |     5 |     2 |    15 |    22 |     8 ||    63
       Distracted        |       |       |     1 |     2 |     6 |     2 ||    11
       Invisible         |       |       |     1 |     1 |       |       ||     2
       Paralysed         |       |       |       |     1 |     2 |       ||     3
Armor: Robe              |    53 |    17 |    47 |       |    44 |   158 ||   319
       Steam dragon scal |       |       |    10 |   136 |       |       ||   146
       Skin              |       |       |     8 |       |       |       ||     8
       Leather armour    |       |       |       |    32 |   334 |       ||   366
Dodge: Dodged            |    67 |    23 |   115 |   450 |   852 |   367 ||  1874
Block: Buckler           |       |       |     6 |   246 |   279 |       ||   531
       Kite shield       |       |       |       |       |   457 |   588 ||  1045

Table legend: (Time is in decaauts)
 A = Elapsed time spent in this place.
 B = Non-inter-level travel time spent in this place.
 C = Inter-level travel time spent in this place.
 D = Time resting spent in this place.
 E = Time spent auto-exploring this place.
 F = Levels seen in this place.
 G = Mean time per level.
                   A        B        C        D        E       F      G
               +--------+--------+--------+--------+--------+-----+--------+
         Total |  46120 |  43262 |   2858 |    867 |  34379 |  28 | 1647.1 |
       Dungeon |  25892 |  23882 |   2010 |    867 |  19257 |  15 | 1726.1 |
          Lair |   9273 |   8638 |    635 |      0 |   7237 |   5 | 1854.6 |
  Orcish Mines |   2248 |   2065 |    183 |      0 |   1579 |   2 | 1124.0 |
   Elven Halls |   3624 |   3595 |     29 |      0 |   2762 |   2 | 1812.0 |
       Ossuary |    352 |    352 |      0 |      0 |    233 |   1 |  352.0 |
        Bailey |    362 |    362 |      0 |      0 |      0 |   1 |  362.0 |
      Ice Cave |   1639 |   1639 |      0 |      0 |   1290 |   1 | 1639.0 |
    Desolation |   2727 |   2727 |      0 |      0 |   2020 |   1 | 2727.0 |
               +--------+--------+--------+--------+--------+-----+--------+

Top non-repeatable levels by time:
    D:10: 3094 daAuts
  Lair:5: 2891 daAuts
     D:6: 2829 daAuts
Desolation: 2727 daAuts
     D:5: 2216 daAuts
  Lair:1: 2215 daAuts
    D:15: 2145 daAuts
    D:13: 2113 daAuts
   Elf:1: 2060 daAuts
     D:7: 1831 daAuts
     D:8: 1785 daAuts
  Lair:4: 1782 daAuts
    D:12: 1757 daAuts
     D:9: 1751 daAuts
    D:11: 1668 daAuts
